 Dungeon Crawl Stone Soup version 0.25-a0-930-g9f5dfa9815 (webtiles) character file.

Game seed: 10056715123160608973, levelgen mode: deterministic

278008 Flugkiller the Bludgeoner (level 20, -6/178 HPs)
             Began as a Ghoul Hunter on May 3, 2020.
             Was a High Priest of Uskayaw.
             Splashed by a deep elf sorcerer's acid (10 damage)
             ... on level 3 of the Elven Halls on May 4, 2020.
             The game lasted 01:31:49 (50683 turns).

Flugkiller the Bludgeoner (Ghoul Hunter)           Turns: 50683, Time: 01:31:50

Health: -6/178     AC: 23    Str: 27    XL:     20   Next: 41%
Magic:  29/29      EV: 21    Int:  6    God:    Uskayaw [*****.]
Gold:   1359       SH:  0    Dex: 20    Spells: 19/19 levels left

rFire    + . .     SeeInvis .   s - +9 great mace (protect)
rCold    + + .     Gourm    .   (shield currently unavailable)
rNeg     + + +     Faith    .   C - +6 chain mail of Death Resistance {rElec Regen+ Dex+5 Stlth-}
rPois    ∞         Spirit   .   E - +2 helmet
rElec    +         Reflect  .   L - +2 cloak
rCorr    .         Harm     +   X - +0 pair of fencer's gloves {Riposte Dex+3}
MR       +....                  P - +2 pair of boots {Fly}
Stlth    ..........             g - amulet of harm
HPRegen  0.00/turn              V - +4 ring of evasion
MPRegen  0.21/turn              a - ring "Guleut" {*Drain rF+ rC+ Str+5}

@: corroded, flying, rotting
A: rotting body, claws 1, carnivore, cold resistance 1, negative energy
resistance 3, inhibited regeneration, torment resistance, unbreathing
}: 2/15 runes: barnacled, gossamer
a: Stomp, Line Pass, Grand Finale, Renounce Religion, Stop Flying


You were on level 3 of the Elven Halls.
You worshipped Uskayaw.
Uskayaw was pleased with you.
You were not hungry.

You visited 7 branches of the dungeon, and saw 35 of its levels.
You also visited: Trove, Ossuary and Ice Cave.

You collected 4151 gold pieces.
You spent 2792 gold pieces at shops.

Inventory:

Hand Weapons
 s - a +9 great mace of protection (weapon)
   (You found it on level 5 of the Dungeon)
 N - a +5 great mace of draining
   (You took it off Rupert on level 15 of the Dungeon)
Missiles
 y - 27 javelins
 A - 10 curare-tipped darts
 K - 22 silver javelins (quivered)
 M - 3 throwing nets
 Q - 115 boomerangs
Armour
 b - a scarf of resistance
   (You acquired it on level 11 of the Dungeon)
 C - the +6 chain mail of Death Resistance (worn) {rElec Regen+ Dex+5 Stlth-}
   (You took it off a merfolk on level 4 of the Shoals)

   It affects your dexterity (+5).
   It insulates you from electricity.
   It increases your rate of regeneration.
   It makes you less stealthy.
 E - a +2 helmet (worn)
   (You found it on level 3 of the Dungeon)
 I - the +6 plate armour "Joitz" {rElec rN+ Int-4}
   (You found it on level 2 of the Shoals)

   It affects your intelligence (-4).
   It insulates you from electricity.
   It protects you from negative energy.
 L - a +2 cloak (worn)
   (You found it on level 2 of the Lair of Beasts)
 P - a +2 pair of boots of flying (worn)
   (You bought it in a shop on level 5 of the Dungeon)
 X - the +0 pair of fencer's gloves (worn) {Riposte Dex+3}
   (You acquired it in an ice cave)

   It affects your dexterity (+3).
Jewellery
 a - the ring "Guleut" (right hand) {*Drain rF+ rC+ Str+5}
   (You found it in a treasure trove)

   [ring of strength]

   It affects your strength (+5).
   It protects you from fire.
   It protects you from cold.
   It causes draining when unequipped.
 g - an amulet of harm (around neck)
   (You took it off Ijyb on level 3 of the Dungeon)
 V - a +4 ring of evasion (left hand)
   (You took it off a deep elf sorcerer on level 3 of the Elven Halls)
 W - the ring "Efaun" {rF+ Str+3 Int+5}
   (You found it on level 1 of the Orcish Mines)

   [ring of protection from fire]

   It affects your strength (+3).
   It affects your intelligence (+5).
   It protects you from fire.
Wands
 n - a wand of flame (61)
   (You took it off Eustachio on level 6 of the Dungeon)
 q - a wand of scattershot (3)
   (You found it on level 7 of the Dungeon)
 w - a wand of iceblast (22)
   (You took it off Ijyb on level 3 of the Dungeon)
 B - a wand of digging (13)
   (You found it on level 3 of the Dungeon)
 F - a wand of acid (6)
   (You found it on level 1 of the Lair of Beasts)
 O - a wand of disintegration (7)
   (You found it on level 8 of the Dungeon)
 S - a wand of paralysis (19)
   (You found it on level 4 of the Lair of Beasts)
 T - a wand of polymorph (12)
   (You found it on level 6 of the Lair of Beasts)
Scrolls
 d - 15 scrolls of teleportation
 i - 4 scrolls of blinking
 k - a scroll of torment
 l - 4 scrolls of immolation
 p - 8 scrolls of fog
 r - 17 scrolls of remove curse
 u - 10 scrolls of magic mapping
 z - 3 scrolls of summoning
 D - 4 scrolls of fear
 J - 10 scrolls of enchant armour
 R - 7 scrolls of identify
 U - 3 scrolls of vulnerability
 Y - 3 scrolls of enchant weapon
Potions
 c - a potion of magic
 e - 3 potions of cancellation
 h - 3 potions of heal wounds
 j - 6 potions of resistance
 o - 22 potions of curing
 t - 9 potions of might
 v - 8 potions of ambrosia
 x - a potion of invisibility
 H - 5 potions of haste
 Z - 2 potions of stabbing
Comestibles
 f - 66 rations
 m - 2 chunks of flesh


   Skills:
 + Level 15.1 Fighting
 + Level 18.0 Maces & Flails
 - Level 12.0 Throwing
 + Level 14.1 Armour
 + Level 11.1 Dodging
 - Level 1.1 Stealth
 - Level 14.0 Invocations
 - Level 5.0 Evocations


You had 19 spell levels left.
You didn't know any spells.
Your spell library contained the following spells:

 Spells                   Type           Power        Failure   Level  Hunger
 Sandblast                Erth           #.....       88%         1    ##.....
 Shock                    Conj/Air       #...         88%         1    ##.....
 Summon Butterflies       Summ           #.......     88%         1    ##.....
 Summon Small Mammal      Summ           #...         88%         1    ##.....
 Call Imp                 Summ           #.......     96%         2    ###....
 Ensorcelled Hibernation  Hex/Ice        #.....       96%         2    ###....
 Passwall                 Tmut/Erth      #.......     96%         2    ###....
 Sticks to Snakes         Tmut           #.......     96%         2    ###....
 Swiftness                Chrm/Air       #.......     96%         2    ###....
 Call Canine Familiar     Summ           #.......     99%         3    ####...
 Ignite Poison            Fire/Tmut/Pois #.......     99%         3    ####...
 Static Discharge         Conj/Air       #.......     99%         3    ####...
 Stone Arrow              Conj/Erth      #.....       99%         3    ####...
 Summon Guardian Golem    Hex/Summ       #.......     99%         3    ####...
 Airstrike                Air            #.........   100%        4    #####..
 Passage of Golubria      Tloc           N/A          100%        4    #####..
 Petrify                  Tmut/Erth      #.......     100%        4    #####..
 Summon Ice Beast         Ice/Summ       #.......     100%        4    #####..
 Summon Lightning Spire   Summ/Air       #.......     100%        4    #####..
 Borgnjor's Vile Clutch   Necr/Erth      #.........   100%        5    ######.
 Fireball                 Conj/Fire      #.........   100%        5    ######.
 Lee's Rapid Deconstruct  Erth           #.........   100%        5    ######.
 Lightning Bolt           Conj/Air       #.........   100%        5    ######.
 Silence                  Hex/Air        #.........   100%        5    ######.
 Summon Mana Viper        Hex/Summ       #.......     100%        5    ######.
 Darkness                 Hex            #.........   100%        6    #######
 Invisibility             Hex            #.......     100%        6    #######
 Shadow Creatures         Summ           N/A          100%        6    #######
 Starburst                Conj/Fire      #.........   100%        6    #######
 Malign Gateway           Summ/Tloc      #.........   100%        7    #######
 Monstrous Menagerie      Summ           #.........   100%        7    #######
 Ring of Flames           Chrm/Fire      #.........   100%        7    #######
 Summon Greater Demon     Summ           #.........   100%        7    #######
 Summon Hydra             Summ           #.........   100%        7    #######
 Ignition                 Fire           #.........   100%        8    #######
 Summon Horrible Things   Summ           #.........   100%        8    #######
 Beastly Appendage        Tmut           Unusable     N/A         1    N/A
 Spider Form              Tmut/Pois      Unusable     N/A         3    N/A
 Ice Form                 Ice/Tmut       Unusable     N/A         4    N/A
 Blade Hands              Tmut           Unusable     N/A         5    N/A

Dungeon Overview and Level Annotations

Branches:
Dungeon (15/15)            Temple (1/1) D:5            Lair (6/6) D:9
 Shoals (4/4) Lair:3       Spider (4/4) Lair:2        Slime (0/5) Lair:5
    Orc (2/2) D:12            Elf (3/3) Orc:2        Vaults (0/5) D:14
 Depths (0/5) D:15        Ossuary (visited)           IceCv (visited)

Altars:
Cheibriados
Dithmenos
Elyvilon
Fedhas
Gozag
Hepliaklqana
Kikubaaqudgha
Nemelex Xobeh
Okawaru
Qazlal
Ru
Sif Muna
Trog
Uskayaw
Vehumet
Wu Jian
Yredelemnul
The Shining One
Beogh

Shops:
D:4 !%:   D:5 [   D:14 ?   Orc:2 **([*   Elf:3 !   Shoals:1 *   Shoals:4 (

Annotations:
D:3 2 transporters, HoaS's ghost, amateur GrBe
D:6 2 transporters, EnegeticOcto's ghost, amateur DDFi
D:13 Ezxuel's ghost, journeyman TrMo
Shoals:1 Roxanne
Spider:3 1 runed translucent door, zkyp's ghost, adept MiEE
Elf:1 exclusion: obsidian statue


Innate Abilities, Weirdness & Mutations

Your body is rotting away.
You thrive on raw meat.
You are immune to poison.
You have sharp fingernails.
You are carnivorous and can eat meat at any time.
Your flesh is cold resistant. (rC+)
You are immune to negative energy. (rN+++)
You do not regenerate when monsters are visible.
You are immune to unholy pain and torment.
You can survive without breathing.


Message History

You miss the deep elf blademaster.
The deep elf blademaster is severely wounded.
The deep elf blademaster hits you with a +0 rapier.
The deep elf blademaster hits you but does no damage.
The deep elf high priest calls down the wrath of its god upon you.
Something smites you!
Unknown command.
You miss the deep elf death mage.
The deep elf blademaster hits you with a +0 rapier.
The deep elf blademaster hits you but does no damage.
The deep elf death mage hits you but does no damage.
The deep elf demonologist casts a spell.
You can no longer merge with and destroy a victim.
Unknown command.
You bludgeon the deep elf blademaster!!
You kill the deep elf blademaster!
The deep elf high priest mumbles some strange prayers to its god against you.
Something smites you!
The deep elf death mage barely misses you.
The deep elf sorcerer barely misses you.
The deep elf demonologist mumbles some strange words.
You can now merge with and destroy a victim.
Unknown command.
You barely miss the deep elf sorcerer.
The deep elf death mage hits you but does no damage.
Unknown command.
You closely miss the deep elf sorcerer.
The deep elf demonologist mumbles some strange words.
The deep elf sorcerer points at you and mumbles some strange words.
The bolt of acid hits you!!
* * * LOW HITPOINT WARNING * * *
The acid corrodes you!
You are splashed with acid!
* * * LOW HITPOINT WARNING * * *
The deep elf high priest calls down the wrath of its god upon you.
Something smites you!
* * * LOW HITPOINT WARNING * * *
The deep elf death mage hits you but does no damage.
Unknown command.
Unknown command.
Aiming: Grand Finale
Press: ? - help, Shift-Dir - straight line, f - deep elf blademaster
Aim: a deep elf blademaster, wielding two +0 rapiers and wearing a +0 leather armour (hasn't noticed you)
You fail to use your ability.
The deep elf blademaster shouts!
The soul eater disappears in a puff of smoke!
The deep elf sorcerer gestures at you while chanting.
The bolt of acid hits you!!
* * * LOW HITPOINT WARNING * * *
The acid corrodes you!
You are splashed with acid!
You die...

.. .(. .... .# ##.... .(####
#.).... ....#. ###...§4..
......##..e...e..
...e.ee.)@))....3
.......((e.....4.
....#.(#.......# .. #).##....###
###..# ##### #.#..# ##.#..#
###..#).#
########.....)=##################


You could see a deep elf blademaster, 2 deep elf death magi, a deep elf
sorcerer, a soul eater, a deep elf demonologist, a deep elf high priest, a
hellwing and a rust devil.

Vanquished Creatures
  Rupert (D:15)
  A deep elf blademaster (Elf:3)
  A deep elf master archer (Elf:3)
  Polyphemus (Shoals:2)
  2 ghost moths (Spider:4)
  An orc warlord (Orc:2)
  Ilsuiw (Shoals:2)
  Aizul (Spider:1)
  10 emperor scorpions
  Louise (Elf:3)
  7 deep elf sorcerers
  3 deep elf elementalists (Elf:3)
  2 entropy weavers (Spider:2)
  3 deep elf annihilators
  4 deep elf demonologists
  Azrael (Elf:1)
  A spark wasp (Spider:3)
  4 deep elf death magi (Elf:3)
  4 merfolk javelineers (Shoals:4)
  12 merfolk impalers
  A rakshasa (D:11)
  2 hydras
  A deep elf high priest (Elf:3)
  6 catoblepae
  3 satyrs (Shoals:4)
  An alligator snapping turtle (Shoals:3)
  3 merfolk avatars
  3 two-headed ogres
  6 centaur warriors
  12 death yaks
  3 merfolk aquamancers
  23 dancing weapons
  A tengu warrior (D:15)
  A titan zombie (D:15)
  The ghost of Hasart the Thaumaturge, a journeyman DEWz of Sif Muna (Orc:1)
  12 deep elf knights
  Sonja (Orc:2)
  A golden dragon zombie (D:15)
  16 sea snakes
  2 skeletal warriors
  2 unseen horrors
  A flayed ghost (D:15)
  10 deep elf archers
  2 orc knights (Orc:1)
  A lindwurm (Lair:6)
  22 harpies
  A necromancer (D:15)
  20 orb spiders
  2 orc sorcerers (Orc:2)
  51 deep elf magi
  12 ugly things
  21 wolf spiders
  12 elephants
  9 fauns
  4 cyclopes
  A moth of wrath (Spider:3)
  A salamander (shapeshifter) (D:14)
  15 manticores
  9 black mambas
  5 water nymphs
  17 merfolk sirens
  2 ice statues (IceCv)
  2 torpor snails
  16 spiny frogs
  7 molten gargoyles
  Maggie (Lair:2)
  A gargoyle (D:12)
  A kobold demonologist (D:15)
  An efreet (D:11)
  7 komodo dragons
  9 rime drakes
  A guardian mummy (D:15)
  14 demonic crawlers
  An ice devil (D:13)
  2 tengu conjurers
  37 merfolk
  A queen bee (shapeshifter) (D:14)
  A queen bee (Lair:2)
  5 trolls
  3 polar bears
  4 meliai
  5 hornets
  4 tyrant leeches
  26 jumping spiders
  8 wind drakes
  A deep troll zombie (D:15)
  11 slime creatures
  19 hippogriffs
  5 dream sheep (Lair:5)
  5 blink frogs (Lair:1)
  8 snapping turtles
  3 centaur simulacra (D:13)
  A hippogriff (shapeshifter) (D:13)
  A spriggan (Spider:4)
  A shadow (D:15)
  A tarantella (shapeshifter) (D:15)
  75 redbacks
  2 air elementals (Elf:1)
  An ice dragon skeleton (D:15)
  11 water elementals
  32 tarantellas
  4 wraiths
  46 yaks
  2 vampires (D:15)
  Eustachio (D:6)
  2 wyverns
  2 basilisks
  5 fire elementals (Elf:1)
  A hungry ghost (D:11)
  4 fire bats (Elf:1)
  3 humans (D:7)
  3 vampire mosquitoes
  2 acid dragons
  5 water moccasins
  5 porcupines
  5 wargs
  2 hell hounds (Elf:1)
  36 orc warriors
  An eye of draining (D:13)
  A meliai simulacrum (D:13)
  3 sky beasts
  3 black bears
  3 phantoms
  8 ice beasts
  12 wolves
  9 ogres
  9 centaurs
  A big kobold (D:9)
  16 crocodiles
  16 bullfrogs
  A gnoll sergeant (D:6)
  8 earth elementals
  3 wyvern zombies
  A spectral warg (Orc:1)
  2 wyvern skeletons (D:14)
  6 scorpions
  47 killer bees
  3 wights (Ossuary)
  2 howler monkeys
  3 electric eels
  2 centaur zombies
  5 lava snakes (Lair:3)
  6 crimson imps
  A bullfrog zombie (D:10)
  8 jellies
  10 hounds
  A wyvern simulacrum (D:13)
  6 centaur skeletons
  42 orc priests
  4 bullfrog skeletons
  3 iguanas
  41 orc wizards
  Ijyb (D:3)
  3 spectral orcs (Orc:1)
  16 worker ants
  A bullfrog simulacrum (D:13)
  3 hound zombies (D:11)
  4 hound skeletons
  A howler monkey skeleton (D:6)
  A worker ant zombie (D:7)
  5 gnolls
  22 adders
  3 shadow imps
  12 white imps (Lair:6)
  8 oozes (D:2)
  6 adder zombies
  5 worms
  3 dart slugs
  A leopard gecko (D:9)
  144 orcs
  4 orc simulacra (Orc:1)
  13 giant cockroaches
  9 goblins
  3 hobgoblins
  13 jackals
  10 quokkas
  3 ball pythons
  A ball python skeleton (Ossuary)
  10 bats
  3 frilled lizards
  2 gnoll zombies (D:6)
  2 hobgoblin skeletons (Ossuary)
  A jackal skeleton (D:7)
  22 kobolds
  A leopard gecko skeleton (D:4)
  A leopard gecko zombie (D:5)
  An orc skeleton (Ossuary)
  2 orc zombies (Ossuary)
  A quokka skeleton (D:6)
  11 rats
  A crawling corpse (Elf:3)
  A fungus (D:2)
1483 creatures vanquished.

Vanquished Creatures (collateral kills)
  Donald (Shoals:1)
  A wizard (D:11)
2 creatures vanquished.

Vanquished Creatures (others)
  A merfolk aquamancer (Shoals:4)
  A deep elf knight (Elf:1)
  An orc knight (D:14)
  A merfolk siren (Shoals:2)
  A crawling corpse (Elf:3)
  12 fungi
  12 plants
  7 toadstools (D:2)
  A withered plant (D:15)
37 creatures vanquished.

Grand Total: 1522 creatures vanquished

Notes
Turn   | Place    | Note
-------+----------+-------------------------------------------
     0 | D:1      | Flugkiller the Ghoul Hunter began the quest for the Orb.
     0 | D:1      | Reached XP level 1. HP: 17/17 MP: 0/0
   195 | D:1      | Reached XP level 2. HP: 13/24 MP: 1/1
   555 | D:1      | Reached XP level 3. HP: 26/33 MP: 2/2
  1376 | D:2      | Reached XP level 4. HP: 41/41 MP: 3/3
  1919 | D:2      | Reached skill level 5 in Fighting
  2192 | D:2      | Reached XP level 5. HP: 23/50 MP: 4/4
  2455 | D:2      | Reached XP level 6. HP: 51/58 MP: 5/5
  2510 | D:3      | Noticed Ijyb
  2531 | D:3      | Killed Ijyb
  3277 | D:3      | Found a transporter.
  3531 | D:3      | Found a transporter.
  3532 | D:3      | Noticed HoaS's ghost (amateur GrBe)
  3803 | D:4      | Found Urpholium's Book Shoppe.
  3978 | D:4      | Reached skill level 5 in Throwing
  4012 | D:4      | Reached skill level 1 in Armour
  4012 | D:4      | Reached XP level 7. HP: 16/63 MP: 6/6
  4475 | D:4      | Found Lusouz's Food Shop.
  4715 | D:4      | Found a white marble altar of Elyvilon.
  4715 | D:4      | Found a bloodstained altar of Trog.
  4770 | D:4      | Found Narphiej's Distillery.
  4775 | D:4      | Bought a potion of ambrosia for 96 gold pieces
  4775 | D:4      | Bought a potion of heal wounds for 60 gold pieces
  5161 | D:4      | Reached XP level 8. HP: 64/71 MP: 7/7
  5361 | D:5      | Entered Level 5 of the Dungeon
  5362 | D:5      | Found a staircase to the Ecumenical Temple.
  5378 | D:5      | Reached skill level 1 in Evocations
  5417 | Temple   | Entered the Ecumenical Temple
  5601 | Temple   | Became a worshipper of Uskayaw the Reveler
  5649 | D:5      | Reached * piety under Uskayaw
  5786 | D:5      | Reached ** piety under Uskayaw
  5887 | D:5      | Reached *** piety under Uskayaw
  5954 | D:5      | Found Dot Tacs's Armour Emporium.
  6348 | D:5      | Found an opulent altar of Gozag.
  6348 | D:5      | Found a sparkling altar of Nemelex Xobeh.
  6723 | D:6      | Reached skill level 1 in Maces & Flails
  6753 | D:6      | Noticed EnegeticOcto's ghost (amateur DDFi)
  6760 | D:6      | Found a transporter.
  6765 | D:6      | Found a transporter.
  6838 | D:6      | Found a basalt altar of Yredelemnul.
  6871 | D:6      | Reached skill level 2 in Maces & Flails
  6873 | D:6      | Reached **** piety under Uskayaw
  6878 | D:6      | Reached ***** piety under Uskayaw
  6962 | D:6      | Noticed Eustachio
  6974 | D:6      | Killed Eustachio
  6974 | D:6      | Reached XP level 9. HP: 74/81 MP: 10/10
  6994 | D:6      | Reached skill level 3 in Maces & Flails
  7122 | D:6      | Found a sand-covered staircase.
  7197 | Ossuary  | Entered an ossuary
  7455 | Ossuary  | Reached skill level 4 in Maces & Flails
  7939 | D:6      | Reached skill level 5 in Maces & Flails
  8588 | D:7      | Found a stormy altar of Qazlal.
  8602 | D:6      | Reached skill level 6 in Maces & Flails
  8602 | D:6      | Reached skill level 5 in Evocations
  8832 | D:6      | Reached skill level 1 in Invocations
  9063 | D:7      | Reached XP level 10. HP: 37/88 MP: 12/12
  9488 | D:7      | Reached skill level 7 in Maces & Flails
  9894 | D:7      | Found a shadowy altar of Dithmenos.
  9920 | D:7      | Found a blossoming altar of Fedhas.
  9922 | D:7      | Found a sacrificial altar of Ru.
 10462 | D:5      | Bought a +2 pair of boots of flying for 258 gold pieces
 10586 | D:8      | Got a dazzling hunting sling
 10588 | D:8      | Identified the +6 hunting sling of the Poles {freeze,
                  | rElec} (You found it on level 8 of the Dungeon)
 10792 | D:8      | Reached skill level 8 in Maces & Flails
 10813 | D:8      | Reached skill level 5 in Invocations
 11778 | D:9      | Found a snail-covered altar of Cheibriados.
 12306 | D:9      | Found a staircase to the Lair.
 12600 | Lair:1   | Entered Level 1 of the Lair of Beasts
 12714 | Lair:1   | Noticed a black mamba
 12724 | Lair:1   | Reached skill level 5 in Armour
 12725 | Lair:1   | Killed a black mamba
 12725 | Lair:1   | Reached XP level 11. HP: 58/97 MP: 13/13
 12755 | Lair:1   | Noticed a six-headed hydra
 12762 | Lair:1   | Killed a six-headed hydra
 12762 | Lair:1   | Reached skill level 9 in Maces & Flails
 13190 | Lair:1   | Reached skill level 10 in Fighting
 13870 | Lair:2   | Found a hole to the Spider Nest.
 13946 | Lair:2   | Reached skill level 10 in Maces & Flails
 14376 | Lair:2   | Reached XP level 12. HP: 104/106 MP: 14/14
 14388 | Lair:2   | Reached ****** piety under Uskayaw
 14756 | Lair:2   | Noticed Maggie
 14773 | Lair:2   | Killed Maggie
 16819 | Lair:3   | Found a staircase to the Shoals.
 17593 | Lair:4   | Reached skill level 11 in Maces & Flails
 18875 | Lair:5   | Reached XP level 13. HP: 64/116 MP: 14/18
 19430 | Lair:5   | Reached skill level 12 in Maces & Flails
 19562 | Lair:5   | Found a staircase to the Slime Pits.
 20383 | Lair:6   | Entered Level 6 of the Lair of Beasts
 20693 | Lair:6   | Found a frozen archway.
 20761 | IceCv    | Entered an ice cave
 20787 | IceCv    | Found a transporter.
 20825 | IceCv    | Identified a scroll of acquirement
 20841 | IceCv    | Found the +0 pair of fencer's gloves {Riposte Dex+3}
 20857 | IceCv    | Found a transporter.
 20898 | IceCv    | Got a blackened hand axe
 20902 | IceCv    | Identified the +9 hand axe of the Equator {freeze, Dex+4}
                  | (You found it in an ice cave)
 21038 | Lair:6   | Reached skill level 13 in Maces & Flails
 21361 | Lair:6   | Reached XP level 14. HP: 111/126 MP: 19/19
 22365 | Lair:6   | Reached skill level 14 in Maces & Flails
 22927 | D:10     | Entered Level 10 of the Dungeon
 23021 | D:10     | Got a bloodstained leather armour
 23032 | D:10     | Identified the cursed +0 leather armour of Ybrehuz {rElec
                  | rN+++ Str-2 Int+2} (You found it on level 10 of the
                  | Dungeon)
 24063 | D:11     | Identified the +3 whip of Duty {freeze, *Drain *Slow rN+++
                  | Int+3} (You found it on level 11 of the Dungeon)
 24099 | D:11     | Reached skill level 5 in Dodging
 25151 | D:11     | Identified the amulet of Leaves {RegenMP *Contam rN+++ MR-
                  | MP+9} (You acquired it on level 11 of the Dungeon)
 25626 | D:12     | Found a portal to a secret trove of treasure.
 25713 | D:12     | Reached skill level 10 in Armour
 25809 | D:12     | Found a staircase to the Orcish Mines.
 26046 | Orc:1    | Entered Level 1 of the Orcish Mines
 26053 | Orc:1    | Reached XP level 15. HP: 126/132 MP: 20/20
 26385 | Orc:2    | Entered Level 2 of the Orcish Mines
 26396 | Orc:2    | Found Ydghafets's General Store.
 26692 | Orc:1    | Found a runed translucent gate.
 26692 | Orc:1    | Found a runed translucent gate.
 26692 | Orc:1    | Found a runed translucent gate.
 26692 | Orc:1    | Noticed Hasart's ghost (journeyman DEWz)
 26707 | Orc:1    | Killed Hasart's ghost
 26724 | Orc:1    | Identified the ring "Efaun" {rF+ Str+3 Int+5} (You found it
                  | on level 1 of the Orcish Mines)
 26826 | Orc:2    | Found a roughly hewn altar of Beogh.
 26884 | Orc:2    | Found a staircase to the Elven Halls.
 26983 | Orc:2    | Found a roughly hewn altar of Beogh.
 27106 | Orc:2    | Found a roughly hewn altar of Beogh.
 27109 | Orc:2    | Found Daraepoeth's General Store.
 27310 | Orc:2    | Noticed Sonja
 27313 | Orc:2    | Killed Sonja
 27416 | Orc:2    | Found an iron altar of Okawaru.
 27510 | Orc:2    | Noticed an orc warlord
 27540 | Orc:2    | Killed an orc warlord
 27827 | Orc:2    | Found Koacan's Antique Armour Boutique.
 27828 | Orc:2    | Found a roughly hewn altar of Beogh.
 27829 | Orc:2    | Found Puheuzas's Antique Weapon Shop.
 27973 | Orc:2    | Found a roughly hewn altar of Beogh.
 27987 | Orc:2    | Found Iddudo Qame's General Store.
 28024 | Orc:2    | Bought a potion of heal wounds for 85 gold pieces
 28024 | Orc:2    | Bought a scroll of fog for 34 gold pieces
 28103 | Orc:2    | Bought a bone war axe for 297 gold pieces
 28107 | Orc:2    | Identified the +2 war axe of the Elven Halls {vorpal, rF+
                  | MR+++ MP+9 Stlth-} (You bought it in a shop on level 2 of
                  | the Orcish Mines)
 28153 | Orc:2    | Bought 6 curare-tipped darts for 64 gold pieces
 28515 | D:13     | Noticed Ezxuel's ghost (journeyman TrMo)
 28549 | D:13     | Found a runed translucent gate.
 28549 | D:13     | Found a runed translucent gate.
 28549 | D:13     | Found a runed translucent gate.
 28648 | Orc:2    | Bought a scroll of enchant weapon for 135 gold pieces
 28649 | Orc:2    | Bought a scroll of torment for 135 gold pieces
 30221 | D:14     | Found Wass's Magic Scroll Boutique.
 30271 | D:14     | Bought a scroll of blinking for 82 gold pieces
 30271 | D:14     | Bought a scroll of enchant weapon for 82 gold pieces
 30271 | D:14     | Bought a scroll of fog for 22 gold pieces
 30271 | D:14     | Bought a scroll of fear for 38 gold pieces
 30271 | D:14     | Bought a scroll of enchant armour for 82 gold pieces
 30746 | D:14     | Found a gate to the Vaults.
 31066 | D:15     | Entered Level 15 of the Dungeon
 31180 | D:15     | Found a sparkling altar of Nemelex Xobeh.
 31268 | D:15     | Reached XP level 16. HP: 140/143 MP: 22/22
 31377 | D:15     | Noticed Rupert
 31382 | D:15     | Killed Rupert
 31399 | D:15     | Reached skill level 10 in Invocations
 31710 | D:15     | Found a staircase to the Depths.
 32407 | D:4      | Bought a potion of curing for 36 gold pieces
 32407 | D:4      | Bought 2 potions of heal wounds for 120 gold pieces
 32737 | Spider:1 | Entered Level 1 of the Spider Nest
 33741 | Spider:2 | Noticed Aizul
 33758 | Spider:1 | Reached skill level 15 in Maces & Flails
 33765 | Spider:1 | Killed Aizul
 35012 | Spider:3 | Found a runed translucent door.
 35013 | Spider:3 | Noticed zkyp's ghost (adept MiEE)
 35654 | Spider:3 | Reached XP level 17. HP: 152/152 MP: 24/24
 35886 | Spider:3 | Reached skill level 10 in Dodging
 36128 | Spider:4 | Entered Level 4 of the Spider Nest
 36303 | Spider:4 | Got a polished trident
 36788 | Spider:4 | Reached skill level 16 in Maces & Flails
 37447 | Spider:4 | Got a gossamer rune of Zot
 38385 | Shoals:1 | Entered Level 1 of the Shoals
 38397 | Shoals:1 | Identified the cursed +1 trident "Cinow" {vorpal, Fragile
                  | rPois rN+++ Dex+4} (You found it on level 4 of the Spider
                  | Nest)
 38517 | Shoals:1 | Noticed Roxanne
 38733 | Shoals:1 | Identified the cursed +0 kite shield of the Accordion
                  | {rPois}
 38733 | Shoals:1 | Noticed Donald
 39034 | Shoals:1 | Found Laidam's General Store.
 39065 | Shoals:1 | Killed Donald
 39082 | Shoals:1 | Bought a scroll of enchant weapon for 120 gold pieces
 39087 | Shoals:1 | Bought a scroll of fear for 56 gold pieces
 39740 | Shoals:2 | Reached XP level 18. HP: 128/160 MP: 27/27
 40571 | Shoals:2 | Noticed Polyphemus
 40585 | Shoals:2 | Noticed Ilsuiw
 40597 | Shoals:2 | Killed Ilsuiw
 40612 | Shoals:2 | Killed Polyphemus
 40967 | Shoals:2 | Got a twisted plate armour
 40968 | Shoals:2 | Identified the +6 plate armour "Joitz" {rElec rN+ Int-4}
                  | (You found it on level 2 of the Shoals)
 42967 | Shoals:3 | Reached skill level 15 in Fighting
 43216 | Shoals:4 | Entered Level 4 of the Shoals
 43424 | Shoals:4 | Got a barnacled rune of Zot
 44065 | Shoals:4 | Reached skill level 17 in Maces & Flails
 44327 | Shoals:4 | Reached XP level 19. HP: 84/170 MP: 28/28
 44748 | Shoals:4 | Identified the +6 chain mail of Death Resistance {rElec
                  | Regen+ Dex+5 Stlth-}
 45875 | Shoals:4 | Found Finepp's Weapon Shoppe.
 46587 | Elf:1    | Entered Level 1 of the Elven Halls
 47073 | D:12     | You paid a toll of 12 potions of heal wounds to enter a
                  | treasure trove
 47074 | Trove    | Entered a treasure trove
 47092 | Trove    | Got a translucent amber ring
 47094 | Trove    | Got a slimy bronze amulet
 47097 | Trove    | Got a transparent glass ring
 47129 | D:12     | Identified the amulet "Takhol" {RegenMP MP-9 Str+2 Dex+2
                  | Slay+3} (You found it in a treasure trove)
 47130 | D:12     | Identified the ring "Guleut" {*Drain rF+ rC+ Str+5} (You
                  | found it in a treasure trove)
 47131 | D:12     | Identified the ring of Jomoara {Wiz *Slow rPois rF+} (You
                  | found it in a treasure trove)
 47271 | Elf:1    | Found the +8 glaive of the Guard {elec, +Rage AC+5 SInv}
 47658 | Elf:1    | Noticed Azrael
 47674 | Elf:1    | Killed Azrael
 48414 | Elf:2    | Reached skill level 18 in Maces & Flails
 48558 | Elf:2    | Found a runed translucent gate.
 48558 | Elf:2    | Found a runed translucent gate.
 48558 | Elf:2    | Found a runed translucent gate.
 48681 | Elf:2    | Found a shimmering blue altar of Sif Muna.
 48971 | Elf:2    | Reached skill level 10 in Throwing
 49217 | Elf:2    | Reached XP level 20. HP: 93/178 MP: 29/29
 49502 | Elf:3    | Entered Level 3 of the Elven Halls
 50009 | Elf:3    | Noticed Louise
 50031 | Elf:3    | Killed Louise
 50070 | Elf:3    | Found Relorheh's Distillery.
 50076 | Elf:3    | Bought a potion of heal wounds for 90 gold pieces
 50076 | Elf:3    | Bought a potion of haste for 180 gold pieces
 50076 | Elf:3    | Bought a potion of resistance for 180 gold pieces
 50076 | Elf:3    | Bought a potion of resistance for 180 gold pieces
 50076 | Elf:3    | Bought a potion of cancellation for 144 gold pieces
 50076 | Elf:3    | Bought a potion of ambrosia for 144 gold pieces
 50076 | Elf:3    | Bought a potion of might for 72 gold pieces
 50315 | Elf:3    | Identified the cursed +1 great mace of Fatigue {drain,
                  | +Blink rF+ Str+3 Int+2}
 50410 | Elf:3    | Noticed a Tzitzimitl
 50683 | Elf:3    | HP: 4/178 [deep elf sorcerer/bolt of acid (34)]
 50683 | Elf:3    | Splashed by a deep elf sorcerer's acid

Levels and vault maps discovered:
D:1:      moated_graveyard_arrival, layout_basic
D:2:      cheibrodos_fertilizer, layout_loops_cross, first_ration
D:3:      layout_basic, gammafunk_ghost_stat_death, uniq_ijyb
D:4:      layout_loops_ring, gammafunk_temple_overflow_wave, serial_shops, shop,
          nicolae_shop_crystal, kennysheep_little_box
D:5:      minmay_skewed_foursquare, layout_basic,
          grunt_temple_overflow_opulence, minmay_temple_entry_gardened_gates,
          serial_shops, shop_fountains
D:6:      layout_gridville, lemuel_zombie_altar_yredelemnul,
          nicolae_ossuary_entry_false_entrances, gammafunk_ghost_mausoleum,
          uniq_eustachio
D:7:      layout_rooms, minitemple, chequers_serial_rivers_small_b,
          minmay_ruffians
D:8:      layout_basic, nicolae_underground_beach
D:9:      layout_stronghold, grunt_lair_entry_orc_guard_hut, basic_altar,
          blue_anna_alchemist [blue_anna_fruit_fields, blue_anna_fruit_fields]
D:10:     layout_roguey
D:11:     minmay_the_grid_square_5x5_4x4 [minmay_the_grid_square_5x5_three,
          minmay_the_grid_square_5x5_checkered, minmay_the_grid_square_5x5_tie,
          minmay_the_grid_square_5x5_eight, minmay_the_grid_square_5x5_empty,
          minmay_the_grid_square_5x5_prize_rear_guard,
          minmay_the_grid_square_5x5_prize_deathbox,
          minmay_the_grid_square_5x5_n_small, minmay_the_grid_square_5x5_slash,
          minmay_the_grid_square_5x5_prize_itemx,
          minmay_the_grid_square_5x5_prize_waves, minmay_the_grid_square_5x5_z,
          minmay_the_grid_square_5x5_checkered_sparse,
          minmay_the_grid_square_5x5_detours,
          minmay_the_grid_square_5x5_doubleslash,
          minmay_the_grid_square_5x5_eight_small], layout_loops_corners,
          minmay_librarian
D:12:     layout_cave_pools, hiddenorc1_lemuel, enter_trove_2,
          lemuel_flamethrower_3
D:13:     layout_roguey, gammafunk_ghost_icy, special_room [special_room_orc],
          kennysheep_generic_room_5
D:14:     layout_rooms, hangedman_vaults_entry_quadrant_bands, glass_columns_a,
          serial_shops, shop
D:15:     gammafunk_depths_entry_grave, layout_irregular_city,
          nemelex_xobeh_ov_fountains_minmay, uniq_rupert
Temple:   nicolae_temple_figure_eight
Lair:1:   layout_chaotic_city
Lair:2:   layout_roguey [special_room_bee], nicolae_spider_entry_non_spiders,
          serial_bayou_shore_a, serial_bayou_shore_b, uniq_maggie
Lair:3:   cheibrodos_magma_flow, layout_gridlike, shoals_dummy_entry
Lair:4:   layout_hall_layers
Lair:5:   layout_cave_pods, minmay_slime_entry_pillars, grunt_megastairs_4
Lair:6:   evilmike_catoblepas_cave, layout_hall_layers,
          portal_ice_cave_entry_imps
Shoals:1: layout_shoals, serial_shops, shop_coins, uniq_donald, uniq_roxanne
Shoals:2: layout_shoals, uniq_polyphemus, uniq_ilsuiw
Shoals:3: layout_shoals
Shoals:4: shoals_end_hangedman, layout_shoals, serial_shops,
          nicolae_shop_temple_entry_statues_fountains
Spider:1: layout_spider_delve
Spider:2: layout_spider_delve, hive_lemuel, uniq_aizul
Spider:3: nicolae_spider_hall_of_the_moth_king, ebering_ghost_reflecting_pool
Spider:4: grunt_spider_rune_circles, hangedman_stitches_earthworm
Orc:1:    layout_caves, gammafunk_ghost_necromancy
Orc:2:    grunt_orc_community_town_hall, layout_diamond_mine,
          grunt_orc_community_big_house_2, grunt_orc_community_big_house_2,
          grunt_orc_community_house_1, grunt_orc_community_house_1,
          grunt_orc_community_house_2, grunt_orc_community_house_1,
          grunt_orc_community_house_1, grunt_orc_community_house_3,
          serial_shops, nicolae_shop_window_shopping, okawaru_metal_pillars_1_2,
          uniq_sonja
Elf:1:    minmay_elf_arrival_summoners, layout_loops_corners,
          hangedman_elf_represent, minivault_8, uniq_azrael
Elf:2:    layout_loops_cross, corexii_hall_statues_t, tgw_sif
Elf:3:    minmay_elf_hall_spiked, layout_geoelf_castle, serial_shops, shop,
          uniq_louise

Skill      XL: |  1  2  3  4  5  6  7  8  9 10 11 12 13 14 15 16 17 18 19 20 |
---------------+-------------------------------------------------------------+-----
Fighting       | 3 4 5 6 7 8 9 10 11 12 13 14 15 | 15.1
Throwing       | 5 6 8 9 10 12 | 12.0
Armour         | 1 3 4 5 8 10 11 12 14 | 14.1
Evocations     | 3 5 |  5.0
Maces & Flails | 2 6 8 10 11 13 14 15 16 17 18 | 18.0
Invocations    | 2 5 8 9 11 14 | 14.0
Dodging        | 6 7 9 11 | 11.1
Stealth        | |  1.1

Action                   |  1- 3 |  4- 6 |  7- 9 | 10-12 | 13-15 | 16-18 | 19-21 || total
-------------------------+-------+-------+-------+-------+-------+-------+-------++-------
Melee: Short sword       |   120 |   319 |    49 |       |       |       |       ||   488
       Hand axe          |       |       |   231 |       |   646 |       |       ||   877
       Great mace        |       |       |    19 |    41 |   303 |  1196 |   480 ||  2039
       Falchion          |       |       |   155 |   144 |       |       |       ||   299
       Dire flail        |       |       |       |   553 |   297 |       |       ||   850
       War axe           |       |       |       |       |    34 |       |       ||    34
 Fire: Hunting sling     |       |       |       |    20 |       |       |       ||    20
Throw: Javelin           |    13 |    26 |    25 |    49 |    40 |    12 |    13 ||   178
       Throwing net      |     1 |     1 |       |       |       |       |       ||     2
       Dart              |       |     9 |     9 |    29 |     9 |     1 |       ||    57
       Boomerang         |       |       |     5 |       |       |       |       ||     5
Invok: Stomp             |       |       |       |     1 |     2 |     2 |     2 ||     7
       Line Pass         |       |       |       |       |     1 |       |       ||     1
       Grand Finale      |       |       |       |       |     1 |     3 |     1 ||     5
Evoke: Wand              |       |       |     7 |    23 |     1 |    23 |     9 ||    63
       Phantom mirror    |       |       |       |       |       |     1 |       ||     1
  Use: Scroll            |       |     6 |    12 |    13 |    27 |    12 |     6 ||    76
       Potion            |       |       |       |     2 |       |     3 |       ||     5
 Stab: Sleeping          |       |     1 |       |       |    18 |     4 |       ||    23
       Held in net/web   |       |     1 |       |       |       |       |       ||     1
       Paralysed         |       |       |     9 |    34 |   114 |   108 |    48 ||   313
       Confused          |       |       |       |       |     1 |       |       ||     1
       Petrified         |       |       |       |       |     5 |       |       ||     5
       Invisible         |       |       |       |       |       |     8 |       ||     8
       Distracted        |       |       |       |       |       |       |     2 ||     2
  Eat: Chunk             |    16 |    26 |    39 |    77 |   110 |   136 |    25 ||   429
       Ration            |       |       |       |       |     1 |       |       ||     1
Armor: Leather armour    |    45 |    73 |       |       |     1 |       |       ||   119
       Ring mail         |       |    37 |    25 |       |       |       |       ||    62
       Chain mail        |       |       |    85 |       |       |    82 |   239 ||   406
       Plate armour      |       |       |   332 |   681 |   493 |   280 |    66 ||  1852
       Shadow dragon sca |       |       |       |       |   318 |   868 |       ||  1186
Dodge: Dodged            |    81 |   166 |   259 |   295 |   487 |   961 |   301 ||  2550
       Rpst.: Falchion   |       |       |    29 |    20 |       |       |       ||    49
       Hand axe          |       |       |       |       |    69 |       |       ||    69
       Great mace        |       |       |       |       |    24 |   170 |    62 ||   256
       War axe           |       |       |       |       |     5 |       |       ||     5

Table legend:
 A = Non-vault XP
 B = Vault XP
 C = Vault XP percentage of total XP
 D = Non-vault monster count
 E = Vault monster count
 F = Vault count percentage of total count
                 A         B        C        D         E       F
            +---------+---------+-------+---------+---------+-------
      Total |  247942 |  189580 |  43.3 |     971 |     516 |  34.7
            +---------+---------+-------+---------+---------+-------
        D:1 |      61 |       0 |   0.0 |      35 |       0 |   0.0
        D:2 |     108 |     157 |  59.2 |      25 |      19 |  43.2
        D:3 |     197 |      35 |  15.1 |      28 |       1 |   3.4
        D:4 |     713 |       0 |   0.0 |      35 |       0 |   0.0
        D:5 |     444 |     138 |  23.7 |      14 |       2 |  12.5
        D:6 |    1403 |     206 |  12.8 |      43 |       3 |   6.5
        D:7 |     936 |     556 |  37.3 |      28 |       3 |   9.7
        D:8 |    1390 |     103 |   6.9 |      17 |       1 |   5.6
        D:9 |     703 |     715 |  50.4 |      18 |       6 |  25.0
       D:10 |    1815 |       0 |   0.0 |      26 |       0 |   0.0
       D:11 |     305 |    8798 |  96.6 |       8 |      27 |  77.1
       D:12 |    5096 |     210 |   4.0 |      31 |      17 |  35.4
       D:13 |    6624 |    3601 |  35.2 |      29 |      36 |  55.4
       D:14 |   10823 |    5793 |  34.9 |      34 |      17 |  33.3
       D:15 |   10262 |    7380 |  41.8 |      30 |       9 |  23.1
     Lair:1 |    7017 |       0 |   0.0 |      28 |       0 |   0.0
     Lair:2 |    3559 |    3029 |  46.0 |      15 |      35 |  70.0
     Lair:3 |    4769 |     675 |  12.4 |      20 |       6 |  23.1
     Lair:4 |    4695 |       0 |   0.0 |      20 |       0 |   0.0
     Lair:5 |    7119 |    1568 |  18.0 |      29 |       6 |  17.1
     Lair:6 |   11438 |   13764 |  54.6 |      34 |      35 |  50.7
   Shoals:1 |    9187 |    1261 |  12.1 |      20 |       1 |   4.8
   Shoals:2 |   23478 |    8972 |  27.6 |      45 |      10 |  18.2
   Shoals:3 |   17873 |       0 |   0.0 |      36 |       0 |   0.0
   Shoals:4 |   17935 |   21372 |  54.4 |      35 |      34 |  49.3
   Spider:1 |   11172 |    1713 |  13.3 |      35 |       1 |   2.8
   Spider:2 |   15991 |       0 |   0.0 |      55 |       0 |   0.0
   Spider:3 |   16639 |    5647 |  25.3 |      38 |      16 |  29.6
   Spider:4 |   12047 |   26259 |  68.6 |      30 |      47 |  61.0
      Orc:1 |    3162 |    1020 |  24.4 |      40 |       9 |  18.4
      Orc:2 |     789 |    7393 |  90.4 |      22 |      77 |  77.8
      Elf:1 |   14991 |   14059 |  48.4 |      28 |      26 |  48.1
      Elf:2 |   22225 |   21217 |  48.8 |      32 |      28 |  46.7
      Elf:3 |    2976 |   30519 |  91.1 |       8 |      20 |  71.4
    Ossuary |       0 |     612 | 100.0 |       0 |      14 | 100.0
      IceCv |       0 |    2808 | 100.0 |       0 |      10 | 100.0
            +---------+---------+-------+---------+---------+-------
